Map: Dash and Terminal LE (Void)

Players

wabbajack - Winner!

  • Race: Terran Terran
  • League: Grandmaster

DayBrakers

  • Race: Terran Terran
  • League: Grandmaster

VOD

Have the link to the VOD?

Description

Time

  • Played on: July 14, 2015, 5:31 p.m.
  • Length: 23:45
Show
View Real Time Build Order
Export as new Build Order

wabbajack Terran - Winner!

Build Orders:  

Get SALT Encoding   

  12  0:01  SCV  
  13  0:13  SCV  
  14  0:18  Supply Depot  
  14  0:25  SCV  
  15  0:30  Refinery  
  15  0:41  SCV  
  16  0:46  Barracks  
  16  0:53  SCV  
  17  1:05  SCV  
  18  1:17  SCV  
  19  1:29  SCV  
  20  1:36  Supply Depot  
  20  1:38  Marine  
  21  1:42  Factory  
  21  1:51  Orbital Command  
  21  1:52  Refinery  
  21  1:57  Barracks Reactor  
  21  2:07  Supply Depot  
  21  2:22  SCV  
  22  2:29  Armory  
  22  2:34  SCV, Marine x2  
  25  2:44  Supply Depot  
  25  2:46  SCV  
  25  2:49  Starport  
  25  2:51  Factory Tech Lab  
  26  2:56  Marine x2  
  28  2:58  SCV  
  29  3:11  SCV  
  30  3:14  Marine x2  
  32  3:26  Thor  
  38  3:34  Marine x2  
  38  3:36  SCV  
  38  3:40  Supply Depot  
  41  3:50  Medivac  
  41  3:53  Marine x2  
  26  4:27  Marine x2  
  17  4:56  SCV  
  10  5:05  Thor  
  16  5:08  SCV, Medivac  
  19  5:25  Marine  
  19  5:26  Marine  
  19  5:27  SCV  
  22  6:20  SCV  
  22  6:22  Command Center, Marine x2  
  25  6:32  SCV  
  26  6:41  Marine x2  
  26  6:44  SCV  
  29  6:56  SCV  
  30  7:23  Marine x2  
  30  7:25  SCV  
  33  7:37  SCV  
  34  7:49  SCV, Marine x2  
  37  7:56  Barracks x2  
  37  7:58  Command Center  
  37  7:59  Orbital Command  
  37  8:01  SCV  
  38  8:13  SCV  
  39  8:25  SCV, Marine  
  39  8:26  Marine  
  42  8:32  SCV  
  45  8:37  SCV  
  45  8:40  Factory Tech Lab  
  44  8:44  SCV  
  45  8:50  SCV  
  46  8:56  SCV  
  46  8:57  Starport Reactor  
  46  8:59  Barracks Tech Lab  
  46  9:02  SCV  
  48  9:04  Marine x2  
  48  9:06  Barracks Tech Lab  
  48  9:08  SCV  
  51  9:10  SCV  
  51  9:14  SCV  
  53  9:20  SCV  
  53  9:23  Orbital Command  
  54  9:27  SCV  
  54  9:29  Marine x2  
  57  9:32  SCV, Siege Tank, Marine  
  57  9:33  Marine  
  63  9:39  SCV  
  63  9:45  SCV  
  65  9:46  Supply Depot  
  65  9:51  SCV  
  65  9:52  Refinery  
  66  9:53  Refinery  
  66  9:57  Engineering Bay  
  66  10:00  Engineering Bay  
  66  10:04  Stimpack  
  66  10:08  Concussive Shells  
  66  10:09  Marauder  
  66  10:10  Marine  
  66  10:13  SCV  
  70  10:14  SCV  
  71  10:24  Supply Depot  
  71  10:27  Supply Depot  
  71  10:29  Medivac  
  71  10:31  Medivac  
  71  10:32  Marine x2  
  71  10:33  Marine x2  
  79  10:36  SCV x3  
  82  10:49  SCV  
  84  10:50  SCV x2  
  85  10:59  Siege Tank  
  85  11:02  Medivac  
  90  11:04  Marine x2  
  90  11:05  Marine x2  
  90  11:07  Medivac  
  96  11:12  Supply Depot x2  
  96  11:25  Barracks  
  96  11:27  Barracks  
  96  11:28  SCV x3  
  96  11:30  Barracks x2  
  99  11:40  SCV x3, Siege Tank  
  99  11:41  Medivac x2  
  99  11:42  Marine x2  
  99  11:43  Marauder  
  99  11:46  Marauder  
  115  11:52  Terran Infantry Weapons Level 1, SCV x3  
  118  12:04  Supply Depot, Terran Infantry Armor Level 1  
  118  12:05  Supply Depot  
  118  12:11  Terran Vehicle Weapons Level 1  
  118  12:21  Barracks Tech Lab  
  118  12:22  Barracks Tech Lab  
  118  12:24  Barracks Tech Lab  
  118  12:25  Barracks Reactor  
  118  12:27  Supply Depot  
  118  12:28  Supply Depot  
  118  12:30  Marauder  
  118  12:31  Marine, Marauder  
  118  12:32  Marine  
  124  12:44  Viking x2  
  124  12:49  Marine  
  129  12:51  Marauder  
  129  12:52  Marauder  
  133  13:05  Siege Tank  
  90  14:09  Marauder x5  
  92  14:10  Marine x2  
  92  14:11  Marine x2  
  96  14:17  Viking x2  
  96  14:19  Siege Tank  
  96  14:20  Combat Shields  
  96  14:23  Terran Infantry Weapons Level 2  
  100  14:26  Terran Infantry Armor Level 2  
  100  14:28  Marine x3  
  100  14:29  Marine  
  100  14:30  Marauder x3  
  100  14:31  Marauder x2  
  102  14:44  Refinery  
  102  14:46  Marine x2  
  102  14:51  Marauder, Marine x2  
  102  14:52  Marauder x4  
  116  14:55  Command Center  
  116  14:58  Command Center  
  116  15:03  Marine  
  116  15:04  Marine  
  118  15:09  Marine x2  
  118  15:13  Marauder  
  120  15:36  Marauder  
  120  15:37  Marauder x4  
  120  15:39  Medivac  
  120  15:40  Viking  
  113  16:09  Medivac  
  113  16:10  Viking  
  96  16:21  Marine x3, Marauder x5  
  96  16:22  Marine  
  108  16:31  Refinery, Orbital Command  
  108  16:38  Siege Tank  
  108  16:39  Viking, Marine x2  
  115  16:40  Medivac  
  115  16:42  Marauder x3  
  115  16:43  Marauder x2  
  127  16:47  Terran Ship Armor Level 1  
  127  16:51  Terran Infantry Weapons Level 3, Refinery  
  127  17:14  SCV x4  
  131  17:26  SCV x2, Marine, Marauder x4  
  131  17:27  Marine x3, Marauder  
  147  17:30  Viking, Medivac  
  147  17:34  Siege Tank  
  154  17:39  SCV x4  
  158  17:44  Marine x2  
  158  17:47  Marauder  
  162  17:53  Terran Infantry Armor Level 3  
  162  18:02  Supply Depot, Marauder x2  
  162  18:03  Marine x2, Marauder x2  
  162  18:05  Supply Depot  
  172  18:06  Supply Depot x2  
  172  18:11  Sensor Tower  
  172  18:15  Sensor Tower  
  172  18:23  Marine x3  
  172  18:24  Viking x2, Sensor Tower  
  172  18:26  Supply Depot  
  179  18:30  Supply Depot  
  179  18:32  Supply Depot  
  179  18:45  Marauder  
  179  18:46  Marine x3, Marauder x4  
  192  19:07  Marauder x2  
  115  20:41  Marine x3, Marauder x4  
  115  20:42  Marine, Marauder  
  129  20:44  Siege Tank  
  132  20:51  Factory  
  132  20:52  Factory  
  132  20:53  Factory  
  132  20:54  Barracks  
  132  20:56  SCV x4  
  132  20:57  Barracks x2  
  136  21:02  Marauder x2  
  136  21:03  Marauder x2  
  144  21:06  Orbital Command  
  144  21:08  Command Center, SCV  
  145  21:16  Siege Tank  
  148  21:19  Marine x2, Marauder  
  148  21:20  Marine x2  
  148  21:24  Marauder x3, Marine  
  161  21:37  Marine x2  
  161  21:38  Factory Tech Lab  
  160  21:40  Marauder  
  160  21:42  Marauder  
  160  21:45  Marauder x2  
  168  21:48  Siege Tank  
  170  22:20  Siege Tank  
  173  22:27  Marauder x2  
  173  22:29  Barracks Tech Lab  
  177  22:33  Factory Tech Lab  
  177  22:35  Barracks Tech Lab  
  177  22:37  Factory Tech Lab  
  177  22:39  Thor  
  177  22:42  Barracks Tech Lab  
  178  22:44  Viking x2  
  178  22:46  Marauder x3  
  178  22:48  Marauder  
  178  22:49  Marauder  
  185  22:52  Thor  
  189  23:01  Thor  
  189  23:07  Marauder  
Show
View Real Time Build Order
Export as new Build Order

DayBrakers Terran 

Build Orders: 1/1/1, Siege Tank Drop 

Get SALT Encoding   

  12  0:02  SCV  
  13  0:14  SCV  
  14  0:25  Supply Depot  
  14  0:26  SCV  
  15  0:32  Refinery  
  15  0:47  SCV  
  15  0:48  Barracks  
  16  0:59  SCV  
  16  1:00  Refinery  
  17  1:11  SCV  
  18  1:23  SCV  
  18  1:25  Barracks  
  19  1:40  Marine  
  19  1:44  Factory  
  19  1:46  SCV  
  21  1:57  Supply Depot  
  21  2:05  Orbital Command  
  21  2:15  Marine x2  
  23  2:29  Starport  
  23  2:30  Factory Tech Lab  
  23  2:40  SCV  
  23  2:43  Supply Depot  
  24  2:53  Siege Tank  
  24  2:58  SCV  
  28  3:00  Marine  
  28  3:02  Marine  
  30  3:07  Medivac  
  32  3:15  SCV  
  33  3:22  Supply Depot  
  33  3:25  Marine  
  34  3:27  SCV, Marine  
  36  3:44  Siege Tank  
  36  3:46  Barracks Reactor, Barracks Tech Lab  
  39  3:50  SCV  
  40  4:02  SCV  
  38  4:36  Marine  
  38  4:37  Marine x2  
  22  5:05  Siege Tank  
  22  5:06  Medivac  
  27  5:09  SCV  
  28  5:21  SCV  
  29  5:33  SCV  
  29  5:35  Marine x3  
  33  5:46  SCV  
  30  6:16  SCV  
  31  6:23  Command Center, Starport Reactor  
  31  6:25  Engineering Bay  
  34  6:26  Widow Mine  
  34  6:28  SCV  
  34  6:40  SCV  
  35  6:52  SCV  
  34  7:08  Siege Tank  
  33  7:19  Marine x2  
  33  7:20  Marine  
  33  7:21  Concussive Shells  
  36  7:27  Barracks x2  
  36  7:31  Missile Turret x2  
  36  7:34  SCV  
  38  7:37  Marine x2  
  38  7:39  Orbital Command  
  39  7:46  SCV  
  40  7:58  SCV  
  41  8:05  Marine x2  
  43  8:07  Orbital Command  
  43  8:10  SCV  
  44  8:22  SCV  
  45  8:33  SCV  
  46  8:34  SCV  
  47  8:42  Command Center  
  47  8:45  SCV  
  47  8:46  SCV  
  49  8:53  Barracks Tech Lab  
  49  8:55  Barracks Tech Lab  
  49  8:57  SCV  
  50  9:11  Armory  
  50  9:12  Starport Tech Lab  
  50  9:13  Combat Shields  
  50  9:16  Starport  
  50  9:20  Stimpack  
  50  9:25  SCV, Refinery  
  50  9:29  SCV  
  52  9:37  SCV  
  53  9:41  SCV  
  54  9:47  Missile Turret  
  54  9:49  SCV  
  54  9:51  Refinery  
  55  9:53  SCV  
  55  9:56  Marine x2  
  55  9:57  Marine  
  59  10:01  SCV  
  60  10:12  Orbital Command  
  60  10:14  Marine  
  61  10:26  Terran Vehicle Weapons Level 1  
  61  10:28  Terran Infantry Weapons Level 1  
  61  10:29  Marauder x2, Marine x2  
  61  10:32  Marine  
  68  10:47  SCV  
  69  10:55  Marine x2  
  71  10:59  Command Center, SCV  
  72  11:07  Siege Tank  
  72  11:09  Medivac  
  77  11:15  Supply Depot  
  77  11:20  SCV, Medivac x2  
  77  11:25  Liberator  
  82  11:29  Supply Depot, SCV  
  82  11:31  Unknown  
  82  11:32  SCV  
  84  11:33  Supply Depot x2, Liberator  
  84  11:41  SCV  
  84  11:44  SCV  
  92  11:55  Siege Tank  
  95  12:09  Engineering Bay  
  95  12:10  SCV  
  96  12:19  SCV, Refinery  
  96  12:20  Refinery  
  96  12:22  Terran Infantry Armor Level 1, SCV  
  98  12:23  Orbital Command, Liberator  
  98  12:25  Liberator  
  98  12:31  SCV  
  99  12:38  Command Center, Terran Ship Weapons Level 1  
  99  12:43  SCV  
  106  12:44  Marine x3  
  106  12:45  Marine  
  110  12:55  SCV  
  111  13:07  SCV  
  112  13:14  Orbital Command  
  82  14:08  Marauder x2, Marine x2  
  82  14:09  Marauder  
  90  14:16  Liberator x2  
  89  14:17  Liberator  
  88  14:26  Marine x2  
  88  14:29  Marine  
  88  14:30  Marauder x2  
  92  14:37  Terran Infantry Weapons Level 2  
  101  14:39  Terran Vehicle Weapons Level 2  
  101  14:41  Siege Tank  
  101  14:43  Marine  
  101  14:44  Marine  
  106  14:48  Marauder  
  106  14:51  Marauder x2  
  106  14:52  Orbital Command  
  112  14:54  Orbital Command  
  112  15:01  Marine x2  
  114  15:09  Liberator, Marauder  
  114  15:10  Liberator x2  
  114  15:12  Marauder, Marine  
  108  15:29  Marine x2  
  108  15:30  Marauder  
  108  15:31  Marauder  
  108  15:34  Marauder  
  116  15:37  Barracks  
  116  15:40  Barracks  
  116  15:42  Barracks  
  116  15:47  Marine x2  
  118  15:52  Marauder x2  
  118  15:55  Marine  
  101  16:13  Marauder, Marine x3  
  101  16:14  Marauder  
  102  16:25  SCV x5  
  106  16:31  Liberator, Marine x2  
  106  16:32  Marauder, Liberator x2  
  111  16:34  Marauder  
  111  16:35  Marauder  
  111  16:37  SCV x5  
  120  16:46  Refinery  
  120  16:48  Barracks  
  120  16:49  Marine x2  
  120  16:53  Marauder  
  133  16:56  Marauder  
  133  16:57  Terran Infantry Armor Level 2, Marauder  
  133  16:59  Terran Ship Weapons Level 2, Refinery  
  133  17:00  Starport  
  137  17:02  Barracks Tech Lab  
  137  17:03  Barracks Reactor  
  137  17:06  Marine  
  137  17:07  Marine  
  137  17:08  Engineering Bay  
  139  17:12  Armory  
  139  17:15  Marauder  
  141  17:17  Marine  
  141  17:18  Marauder  
  144  17:25  Barracks Reactor  
  144  17:26  Marine  
  144  17:27  Marine x2  
  147  17:42  Supply Depot  
  147  17:44  Supply Depot x2  
  147  17:46  Supply Depot  
  147  17:51  Supply Depot  
  147  17:52  Marine x5  
  147  17:53  Marauder  
  154  18:07  Refinery, Starport Reactor  
  154  18:10  Marine x5  
  154  18:11  SCV  
  154  18:12  SCV x4  
  164  18:14  Marine  
  165  18:23  SCV  
  165  18:24  SCV x4  
  170  18:28  Marine x4  
  170  18:31  Marine  
  175  18:45  Medivac x4  
  175  18:47  Medivac  
  185  18:51  Terran Ship Armor Level 1  
  84  20:00  Marine  
  84  20:01  Marine x6  
  84  20:02  Marauder x3  
  67  20:18  Marine  
  67  20:19  Siege Tank, Marine x3  
  67  20:20  Marauder  
  67  20:21  Liberator x4  
  69  20:22  Liberator  
  69  20:23  Marauder x3  
  70  20:55  Marine x3  
  70  20:56  Marauder x4, Marine x3  
Tags
 
Add a new tag
Caveats
  • Supply blocks, unpowered buildings, or Contaminate may cause inaccurate times.
  • Supply counts are checked every 10 seconds.